[Event "GambitGuide"]
[Site "Internet Chess Club"]
[Date "2014.10.31"]
[Round "1"]
[White "JSBach"]
[Black "luckypawns"]
[Result "0-1"]
[ICCResult "White checkmated"]
[WhiteElo "1757"]
[BlackElo "1815"]
[Opening "Vienna: `Frankenstein-Dracula' variation"]
[ECO "C27"]
[NIC "VG.02"]
[Time "18:45:17"]
[TimeControl "120+12"]

1. e4 e5 2. Nc3 Nf6 3. Bc4 Nxe4 4. Qh5 Nd6 5. Bb3 Nc6 6. Nb5 g6 7. Qf3 f5 8.
Qd5 Qe7 9. Nxc7+ Kd8 10. Nxa8 b6 11. d3 Bb7 12. Nxb6 axb6 13. Qf3 Nd4 14.
Qh3 Bg7 15. Be3 h5 16. Rd1 g5 17. Ne2 f4 18. Bxd4 g4 19. Bxb6+ Kc8 20. Bd8
Qxd8 21. Be6 dxe6 22. Qxh5 Rxh5 23. Kf1 g3 24. fxg3 fxg3 25. Nxg3 Qf6+ 26.
Ke2 Bxg2 27. Nxh5 Bf3+ 28. Kd2 Bxh5 29. Rde1 Bh6+ 30. Kc3 e4+ 31. Kb3 exd3
32. cxd3 Bg7 33. Rb1 Be2 34. Rhc1+ Kd7 35. Kc2 Qd4 36. Kd2 Qxd3+ 37. Ke1 Bf6
38. Kf2 Bh4+ 39. Kg1 Qe3+ 40. Kg2 Qf3+ 41. Kg1 Qf2+ 42. Kh1 Bf3#
{White checkmated}
0-1

[Event "GambitGuide"]
[Site "Internet Chess Club"]
[Date "2014.10.31"]
[Round "1"]
[White "JSBach"]
[Black "ziwenzhou"]
[Result "0-1"]
[ICCResult "White checkmated"]
[WhiteElo "1757"]
[BlackElo "2034"]
[Opening "Vienna: `Frankenstein-Dracula' variation"]
[ECO "C27"]
[NIC "VG.02"]
[Time "18:45:05"]
[TimeControl "120+12"]

1. e4 e5 2. Nc3 Nf6 3. Bc4 Nxe4 4. Qh5 Nd6 5. Bb3 Nc6 6. Nb5 g6 7. Qf3 f5 8.
Qd5 Qe7 9. Nxc7+ Kd8 10. Nxa8 b6 11. d3 Bb7 12. Nxb6 axb6 13. Qf3 Nd4 14.
Qg3 f4 15. Qg4 g5 16. Bd2 h5 17. Qd1 Bxg2 18. c3 Nc6 19. Bd5 Bxd5 20. f3 g4
21. Qe2 h4 22. Qf2 Kc7 23. Kd1 g3 24. Qg2 Qh7 25. c4 Be6 26. Qe2 h3 27. hxg3
fxg3 28. f4 g2 29. Rh2 e4 30. dxe4 Qxe4 31. Qxe4 Nxe4 32. Kc2 Nxd2 33. Kxd2
Bd6 34. Nxh3 Bxh3 35. Rxh3 Bxf4+ 36. Re3 Rh1 37. c5 bxc5 38. a3 Rxa1 39. Kd3
Rd1+ 40. Kc2 Bxe3 41. Kxd1 g1=Q+ 42. Kc2 Qf2+ 43. Kb1 Qd2 44. Ka2 Qc2 45.
Ka1 Nb4 46. axb4 cxb4 47. Ka2 Qa4+ 48. Kb1 Qd1+ 49. Ka2 Qd3 50. Ka1 Bd4 51.
Ka2 b3+ 52. Ka3 Bc5+ 53. Ka4 Qc4+ 54. Ka5 Qb4+ 55. Ka6 Qb6# {White
checkmated} 0-1

[Event "GambitGuide"]
[Site "Internet Chess Club"]
[Date "2014.10.31"]
[Round "1"]
[White "JSBach"]
[Black "tazmanfox66"]
[Result "1-0"]
[ICCResult "Black checkmated"]
[WhiteElo "1760"]
[BlackElo "1524"]
[Opening "Vienna: `Frankenstein-Dracula' variation"]
[ECO "C27"]
[NIC "VG.02"]
[Time "18:44:16"]
[TimeControl "120+12"]

1. e4 e5 2. Nc3 Nf6 3. Bc4 Nxe4 4. Qh5 Nd6 5. Bb3 Nc6 6. Nb5 g6 7. Qf3 f5 8.
Qd5 Qe7 9. Nxc7+ Kd8 10. Nxa8 b6 11. d3 Bb7 12. Nxb6 axb6 13. Qf3 Bg7 14.
Be3 Re8 15. Bxb6+ Kc8 16. Qd5 e4 17. Kf1 exd3 18. cxd3 Nb4 19. Qc5+ Nc6 20.
Rc1 Bxb2 21. Bc7 Kxc7 22. Rb1 Bd4 23. Qd5 Ba6 24. Qf3 Bb6 25. Bd5 Nd4 26.
Qg3 f4 27. Qh3 N6f5 28. Rc1+ Kb8 29. a4 g5 30. a5 Ba7 31. Rb1+ Kc8 32. Rc1+
Kd8 33. g4 Nd6 34. Kg2 Qe5 35. Ba8 Bb7+ 36. Bxb7 Nxb7 37. Qxh7 Qd5+ 38. f3
Re2+ 39. Kh3 Nxf3 40. Nxe2 Nh4 41. Qh8+ Ke7 42. Qg7+ Kd6 43. Qf6+ Qe6 44.
Qxg5 Nf3 45. Qxf4+ Ke7 46. Qxf3 Nd6 47. Rhe1 Qh6+ 48. Kg2 Kd8 49. Qa8+ Ke7
50. Qxa7 Kf7 51. Qxd7+ Kg6 52. Qxd6+ Kg5 53. Rc5+ Kxg4 54. Qg3#
{Black checkmated}
1-0

[Event "GambitGuide"]
[Site "Internet Chess Club"]
[Date "2014.10.31"]
[Round "1"]
[White "JSBach"]
[Black "nsideurheadbro"]
[Result "1-0"]
[ICCResult "Black resigns"]
[WhiteElo "1760"]
[BlackElo "1184"]
[Opening "Vienna: `Frankenstein-Dracula' variation"]
[ECO "C27"]
[NIC "VG.02"]
[Time "18:42:29"]
[TimeControl "120+12"]

1. e4 e5 2. Nc3 Nf6 3. Bc4 Nxe4 4. Qh5 Nd6 5. Bb3 Nc6 6. Nb5 g6 7. Qf3 f5 8.
Qd5 Qe7 9. Nxc7+ Kd8 10. Nxa8 b6 11. d3 Bb7 12. Nxb6 axb6 13. Qf3 Nd4 14.
Qh3 f4 15. Ba4 g5 16. c3 N4f5 17. Nf3 h6 18. Qh5 Bg7 19. Bd2 e4 20. Ng1 e3
21. fxe3 fxe3 22. O-O-O exd2+ 23. Rxd2 Qe1+ 24. Qd1 Qe3 25. Qg4 h5 26. Qh3
Qe1+ 27. Rd1 Qf2 28. Rd2 Qf4 29. Bd1 Nh4 30. Ne2 Qf2 31. Ng3 Qe3 32. Kc2
Nxg2 33. Rxg2 Bxg2 34. Qxg2 h4 35. Qa8+ Ke7 36. Qe4+ Nxe4 37. Nf5+ Ke6 38.
Nxe3 Nf6 39. Rg1 Bh6 40. Re1 Kd6 41. Nf5+ Kc6 42. Rg1 g4 43. Nxh6 Rxh6 44.
Bxg4 Rg6 45. Bf3+ d5 46. Rxg6 {Black resigns} 1-0

[Event "GambitGuide"]
[Site "Internet Chess Club"]
[Date "2014.10.31"]
[Round "1"]
[White "JSBach"]
[Black "imortaliss"]
[Result "1-0"]
[ICCResult "Black resigns"]
[WhiteElo "1760"]
[BlackElo "2010"]
[Opening "Vienna: `Frankenstein-Dracula' variation"]
[ECO "C27"]
[NIC "VG.02"]
[Time "18:46:27"]
[TimeControl "120+12"]

1. e4 e5 2. Nc3 Nf6 3. Bc4 Nxe4 4. Qh5 Nd6 5. Bb3 Nc6 6. Nb5 g6 7. Qf3 f5 8.
Qd5 Qe7 9. Nxc7+ Kd8 10. Nxa8 b6 11. d3 Bb7 12. Nxb6 Nd4 13. Bg5 Qxg5 14.
Qxe5 Be7 15. Qxh8+ Kc7 16. Na8+ Bxa8 17. Qxa8 {Black resigns} 1-0

[Event "GambitGuide"]
[Site "Internet Chess Club"]
[Date "2014.10.31"]
[Round "1"]
[White "JSBach"]
[Black "fearlessone"]
[Result "1-0"]
[ICCResult "Black checkmated"]
[WhiteElo "1760"]
[BlackElo "1812"]
[Opening "Vienna: `Frankenstein-Dracula' variation"]
[ECO "C27"]
[NIC "VG.02"]
[Time "18:45:55"]
[TimeControl "120+12"]

1. e4 e5 2. Nc3 Nf6 3. Bc4 Nxe4 4. Qh5 Nd6 5. Bb3 Nc6 6. Nb5 g6 7. Qf3 f5 8.
Qd5 Qe7 9. Nxc7+ Kd8 10. Nxa8 b6 11. d3 Bb7 12. Nxb6 axb6 13. Qf3 Bg7 14.
Qg3 Nd4 15. Bg5 Bf6 16. Bxf6 Qxf6 17. Ba4 b5 18. Bb3 Nxb3 19. axb3 g5 20.
Nh3 h6 21. b4 f4 22. Qg4 e4 23. dxe4 Nxe4 24. O-O-O h5 25. Qxd7#
{Black checkmated}
1-0

[Event "GambitGuide"]
[Site "Internet Chess Club"]
[Date "2014.10.31"]
[Round "1"]
[White "JSBach"]
[Black "sibirica"]
[Result "0-1"]
[ICCResult "White checkmated"]
[WhiteElo "1760"]
[BlackElo "2349"]
[Opening "Vienna: `Frankenstein-Dracula' variation"]
[ECO "C27"]
[NIC "VG.02"]
[Time "18:46:09"]
[TimeControl "120+12"]

1. e4 e5 2. Nc3 Nf6 3. Bc4 Nxe4 4. Qh5 Nd6 5. Bb3 Nc6 6. Nb5 g6 7. Qf3 f5 8.
Qd5 Qe7 9. Nxc7+ Kd8 10. Nxa8 b6 11. d3 Bb7 12. Nxb6 axb6 13. Qf3 Nd4 14.
Qg3 f4 15. Qg4 Qf6 16. Ba4 b5 17. Bb3 h5 18. Qh3 g5 19. Bd2 g4 20. Ba5+ Ke7
21. c3 gxh3 22. Nxh3 Bxg2 23. cxd4 Bxh1 24. O-O-O Bg2 25. dxe5 Qxe5 26. Bc3
Qxc3+ 27. bxc3 Bxh3 28. Bd5 Be6 29. Re1 Bg7 30. Kd2 Rc8 31. d4 Nc4+ 32. Kd3
Kd6 33. Be4 Nb2+ 34. Kd2 Na4 35. Rc1 Bxa2 36. Bf3 b4 37. cxb4 Rxc1 38. Kxc1
Bxd4 39. Bxh5 Bxf2 40. Kc2 Bc4 41. Bd1 Bd4 42. h4 Nc3 43. Bf3 Ke5 44. Kd2 d5
45. h5 Ne4+ 46. Kc2 Kf5 47. Bg2 Be5 48. Kc1 d4 49. Bh3+ Kg5 50. Bg2 Nc3 51.
Bf3 d3 52. Kd2 Bd4 53. Ke1 Be3 54. Kf1 d2+ 55. Kg2 Be2 56. Bxe2 Nxe2 57. b5
d1=Q 58. h6 Qg1+ 59. Kf3 Nc3 60. b6 Qg3# {White checkmated} 0-1

[Event "GambitGuide"]
[Site "Internet Chess Club"]
[Date "2014.10.31"]
[Round "1"]
[White "JSBach"]
[Black "luckypawns"]
[Result "1-0"]
[ICCResult "Black resigns"]
[WhiteElo "1760"]
[BlackElo "1815"]
[Opening "Vienna: `Frankenstein-Dracula' variation"]
[ECO "C27"]
[NIC "VG.02"]
[Time "18:46:45"]
[TimeControl "120+12"]

1. e4 e5 2. Nc3 Nf6 3. Bc4 Nxe4 4. Qh5 Nd6 5. Bb3 Nc6 6. Nb5 g6 7. Qf3 f5 8.
Qd5 Qe7 9. Nxc7+ Kd8 10. Nxa8 b6 11. d3 Bb7 12. Nxb6 axb6 13. Qf3 Nd4 14.
Qg3 Bg7 15. Bg5 Bf6 16. Bxf6 Qxf6 17. Ba4 b5 18. Bb3 h5 19. f3 g5 20. c3
Nxb3 21. axb3 e4 22. dxe4 fxe4 23. Rd1 Ke7 24. h4 gxh4 25. Qf2 exf3 26. Nxf3
Bxf3 27. gxf3 Rf8 28. Qxh4 Qxh4+ 29. Rxh4 Rxf3 30. Rxh5 Rf7 31. b4 Kd8 32.
Rxd6 {Black resigns} 1-0

[Event "GambitGuide"]
[Site "Internet Chess Club"]
[Date "2014.10.31"]
[Round "1"]
[White "JSBach"]
[Black "sibirica"]
[Result "0-1"]
[ICCResult "White checkmated"]
[WhiteElo "1742"]
[BlackElo "2349"]
[Opening "Vienna: `Frankenstein-Dracula' variation"]
[ECO "C27"]
[NIC "VG.02"]
[Time "18:47:54"]
[TimeControl "120+12"]

1. e4 e5 2. Nc3 Nf6 3. Bc4 Nxe4 4. Qh5 Nd6 5. Bb3 Nc6 6. Nb5 g6 7. Qf3 f5 8.
Qd5 Qe7 9. Nxc7+ Kd8 10. Nxa8 b6 11. d3 Bb7 12. Nxb6 axb6 13. Qf3 Nd4 14.
Qg3 f4 15. Qg4 Qf6 16. Ba4 b5 17. Bb3 h5 18. Qh3 g5 19. Bd2 g4 20. Ba5+ Ke7
21. c3 gxh3 22. Nxh3 Nxb3 23. axb3 Bxg2 24. Rf1 Bxh3 25. Rg1 Bh6 26. b4 Ra8
27. Rd1 f3 28. Rg3 Bg4 29. d4 e4 30. h3 Bf4 31. hxg4 Bxg3 32. fxg3 f2+ 33.
Kf1 Qf3 34. Ra1 e3 35. Bd8+ Ke8 36. Re1 Ra1 37. Rxa1 e2# {White checkmated}
0-1

[Event "GambitGuide"]
[Site "Internet Chess Club"]
[Date "2014.10.31"]
[Round "1"]
[White "JSBach"]
[Black "sibirica"]
[Result "1-0"]
[ICCResult "Black checkmated"]
[WhiteElo "1742"]
[BlackElo "2349"]
[Opening "Vienna: `Frankenstein-Dracula' variation"]
[ECO "C27"]
[NIC "VG.02"]
[Time "18:48:39"]
[TimeControl "120+12"]

1. e4 e5 2. Nc3 Nf6 3. Bc4 Nxe4 4. Qh5 Nd6 5. Bb3 Nc6 6. Nb5 g6 7. Qf3 f5 8.
Qd5 Qe7 9. Nxc7+ Kd8 10. Nxa8 b6 11. d3 Bb7 12. Nxb6 axb6 13. Qf3 Nd4 14.
Qg3 f4 15. Qg4 Qf6 16. Ba4 h5 17. Qxd7# {Black checkmated} 1-0

[Event "GambitGuide"]
[Site "Internet Chess Club"]
[Date "2014.10.31"]
[Round "1"]
[White "JSBach"]
[Black "leonardoalmeida"]
[Result "0-1"]
[ICCResult "White checkmated"]
[WhiteElo "1742"]
[BlackElo "1843"]
[Opening "Vienna: `Frankenstein-Dracula' variation"]
[ECO "C27"]
[NIC "VG.02"]
[Time "18:46:55"]
[TimeControl "120+12"]

1. e4 e5 2. Nc3 Nf6 3. Bc4 Nxe4 4. Qh5 Nd6 5. Bb3 Nc6 6. Nb5 g6 7. Qf3 f5 8.
Qd5 Qe7 9. Nxc7+ Kd8 10. Nxa8 b6 11. d3 Bb7 12. Nxb6 axb6 13. Qf3 Nd4 14.
Qg3 f4 15. Qg4 Qf6 16. Ba4 Bc6 17. Bb3 h5 18. Qh3 g5 19. Ne2 Be7 20. Nxd4
exd4 21. f3 Nf5 22. O-O Ne3 23. Re1 g4 24. fxg4 hxg4 25. Qxh8+ Qxh8 26. Re2
Bd6 27. Bd2 f3 28. gxf3 gxf3 29. Rf2 Qh3 30. Re1 Qh4 31. Bf7 Ng4 32. Re8+
Kc7 33. Be1 Nxf2 34. Rg8 Nh3+ 35. Kf1 f2 36. Bd2 Nf4 37. h3 Qxh3+ 38. Kxf2
Qh2+ 39. Kf1 Qxd2 40. Bh5 Bg2+ 41. Rxg2 Qxg2+ 42. Ke1 Qxc2 43. Kf1 Nxd3 44.
Be2 Nf4 45. Bf3 d3 46. a4 Bc5 47. Ke1 d2+ 48. Kf1 d1=Q+ 49. Bxd1 Qf2#
{White checkmated}
0-1

[Event "GambitGuide"]
[Site "Internet Chess Club"]
[Date "2014.10.31"]
[Round "1"]
[White "JSBach"]
[Black "sibirica"]
[Result "1-0"]
[ICCResult "Black resigns"]
[WhiteElo "1742"]
[BlackElo "2349"]
[Opening "Vienna: `Frankenstein-Dracula' variation"]
[ECO "C27"]
[NIC "VG.02"]
[Time "18:48:49"]
[TimeControl "120+12"]

1. e4 e5 2. Nc3 Nf6 3. Bc4 Nxe4 4. Qh5 Nd6 5. Bb3 Nc6 6. Nb5 g6 7. Qf3 f5 8.
Qd5 Qe7 9. Nxc7+ Kd8 10. Nxa8 b6 11. d3 Bb7 12. Nxb6 Nd4 13. Bg5 Qxg5 14.
Qxe5 Qxg2 15. Qxh8 Qxh1 16. Qxf8+ Kc7 17. Na8+ Bxa8 18. O-O-O Nxb3+ 19. axb3
Qxh2 20. Qxa8 Qxf2 21. Qg8 Qe3+ 22. Kb1 {Black resigns} 1-0

[Event "GambitGuide"]
[Site "Internet Chess Club"]
[Date "2014.10.31"]
[Round "1"]
[White "JSBach"]
[Black "joppie"]
[Result "1-0"]
[ICCResult "Black resigns"]
[WhiteElo "1742"]
[BlackElo "1684"]
[Opening "Vienna: `Frankenstein-Dracula' variation"]
[ECO "C27"]
[NIC "VG.02"]
[Time "18:46:46"]
[TimeControl "120+12"]

1. e4 e5 2. Nc3 Nf6 3. Bc4 Nxe4 4. Qh5 Nd6 5. Bb3 Nc6 6. Nb5 g6 7. Qf3 f5 8.
Qd5 Qe7 9. Nxc7+ Kd8 10. Nxa8 b6 11. d3 Bg7 12. Nh3 Bb7 13. Bg5 Bf6 14. Nxb6
axb6 15. g3 Nd4 16. Qxb7 Nxb7 17. Be3 Nc6 18. Bxb6+ Ke8 19. O-O Nd6 20. Rfe1
Nb5 21. Nf4 Kf8 22. a3 Qg7 23. Nd5 e4 24. Nxf6 Qxf6 25. dxe4 fxe4 26. Rxe4
Kg7 27. c3 Rf8 28. Rae1 Nc7 29. Bc5 Rb8 30. Rf4 Qg5 31. Rf7+ Kh6 32. Be3
Rxb3 33. Bxg5+ Kxg5 34. f4+ Kh6 35. Rxd7 Nb5 36. a4 Nxc3 37. bxc3 Na5 38.
Ree7 Kh5 39. Rd5+ Kg4 40. Rxa5 Rxc3 41. Rxh7 Kf3 42. h4 Kxg3 43. Rg5+ Kf3
44. Rxg6 Rc1+ 45. Kh2 Rc2+ 46. Kh3 Rc1 47. Rg3+ Kxf4 48. Rf7+ Ke5 49. h5
Rh1+ 50. Kg4 Ke6 51. Rf8 Ke7 52. Rff3 Ke6 53. a5 Ke5 54. a6 Ra1 55. Ra3 Rb1
56. a7 Rb4+ 57. Kg5 Kd4 58. Rg4+ Kc5 59. Rxb4 Kxb4 60. a8=Q {Black resigns}
1-0

[Event "GambitGuide"]
[Site "Internet Chess Club"]
[Date "2014.10.31"]
[Round "1"]
[White "JSBach"]
[Black "BostonStrangler"]
[Result "0-1"]
[ICCResult "White checkmated"]
[WhiteElo "1742"]
[BlackElo "2068"]
[Opening "Vienna: `Frankenstein-Dracula' variation"]
[ECO "C27"]
[NIC "VG.02"]
[Time "18:41:53"]
[TimeControl "120+12"]

1. e4 e5 2. Nc3 Nf6 3. Bc4 Nxe4 4. Qh5 Nd6 5. Bb3 Nc6 6. Nb5 g6 7. Qf3 f5 8.
Qd5 Qe7 9. Nxc7+ Kd8 10. Nxa8 b6 11. d3 Nd4 12. f4 Bb7 13. Qxe5 Bxg2 14. Be3
Bg7 15. Qxe7+ Kxe7 16. Nxb6 axb6 17. Bxd4 Bxd4 18. c3 Bf6 19. Kd2 Bxh1 20.
Re1+ Kd8 21. Kc2 Bb7 22. h3 Re8 23. Ra1 Bh4 24. a4 Re1 25. Rxe1 Bxe1 26. Ne2
Kc7 27. Kd1 Bf2 28. Nc1 Bf3+ 29. Kd2 Bg2 30. a5 bxa5 31. Ne2 Bxh3 32. Bd5 h5
33. b3 h4 34. Nc1 Bg4 35. b4 axb4 36. cxb4 h3 37. Nb3 Ne4+ 38. dxe4 Bf3 39.
exf5 Bxd5 40. Ke2 h2 41. Kxf2 h1=Q 42. Nd2 gxf5 43. b5 Qd1 44. Ke3 Qc2 45.
Nf1 Qe4+ 46. Kd2 Qxf4+ 47. Ne3 Bc4 48. Kc3 Qxe3+ 49. Kxc4 d6 50. Kb4 Qc5+
51. Kb3 Qxb5+ 52. Kc2 Qd5 53. Kc1 f4 54. Kb2 Qd3 55. Kc1 f3 56. Kb2 f2 57.
Ka2 f1=Q 58. Kb2 Qfb1# {White checkmated} 0-1

[Event "GambitGuide"]
[Site "Internet Chess Club"]
[Date "2014.10.31"]
[Round "1"]
[White "JSBach"]
[Black "Agnuti"]
[Result "1-0"]
[ICCResult "Black resigns"]
[WhiteElo "1742"]
[BlackElo "1385"]
[Opening "Vienna: `Frankenstein-Dracula' variation"]
[ECO "C27"]
[NIC "VG.02"]
[Time "18:48:41"]
[TimeControl "120+12"]

1. e4 e5 2. Nc3 Nf6 3. Bc4 Nxe4 4. Qh5 Nd6 5. Bb3 Nc6 6. Nb5 g6 7. Qf3 f5 8.
Qd5 Qe7 9. Nxc7+ Kd8 10. Nxa8 b6 11. d3 Qe6 12. Bg5+ Ne7 13. Qxe6 dxe6 14.
Bf6 Rg8 15. Bxe5 Nc6 16. Bf6+ Be7 17. Bxe7+ Nxe7 18. f3 Bb7 19. Bxe6 Bxa8
20. Bxg8 {Black resigns} 1-0

[Event "GambitGuide"]
[Site "Internet Chess Club"]
[Date "2014.10.31"]
[Round "1"]
[White "JSBach"]
[Black "sibirica"]
[Result "0-1"]
[ICCResult "White checkmated"]
[WhiteElo "1742"]
[BlackElo "2349"]
[Opening "Vienna: `Frankenstein-Dracula' variation"]
[ECO "C27"]
[NIC "VG.02"]
[Time "18:49:23"]
[TimeControl "120+12"]

1. e4 e5 2. Nc3 Nf6 3. Bc4 Nxe4 4. Qh5 Nd6 5. Bb3 Nc6 6. Nb5 g6 7. Qf3 f5 8.
Qd5 Qe7 9. Nxc7+ Kd8 10. Nxa8 b6 11. d3 Bb7 12. Nxb6 axb6 13. Qf3 Nd4 14.
Qg3 f4 15. Qg4 Qf6 16. Ba4 b5 17. Bb3 h5 18. Qh3 g5 19. Bd2 g4 20. Ba5+ Ke7
21. c3 gxh3 22. Nxh3 Nxb3 23. axb3 Bxg2 24. Rg1 Bxh3 25. Bb4 Rh7 26. Ra6 Rg7
27. Rxg7+ Bxg7 28. Rxd6 Qxd6 29. Bxd6+ Kxd6 30. c4 b4 31. Kd2 Kc5 32. f3 Kd4
33. c5 Kxc5 34. Kd1 Kd4 35. Ke2 Bf5 36. Kd1 Bxd3 37. Kd2 Bf5 38. h4 Be6 39.
Ke1 Bxb3 40. Kf1 Bd5 41. Kf2 d6 42. Kg2 Ke3 43. Kg1 Bxf3 44. Kh2 d5 45. Kg1
d4 46. Kh2 d3 47. Kh3 d2 48. Kh2 d1=Q 49. Kh3 Qh1# {White checkmated} 0-1

[Event "GambitGuide"]
[Site "Internet Chess Club"]
[Date "2014.10.31"]
[Round "1"]
[White "JSBach"]
[Black "tazmanfox66"]
[Result "1-0"]
[ICCResult "Black checkmated"]
[WhiteElo "1742"]
[BlackElo "1524"]
[Opening "Vienna: `Frankenstein-Dracula' variation"]
[ECO "C27"]
[NIC "VG.02"]
[Time "18:47:27"]
[TimeControl "120+12"]

1. e4 e5 2. Nc3 Nf6 3. Bc4 Nxe4 4. Qh5 Nd6 5. Bb3 Nc6 6. Nb5 g6 7. Qf3 f5 8.
Qd5 Qe7 9. Nxc7+ Kd8 10. Nxa8 b6 11. d3 Bb7 12. Nxb6 axb6 13. Qf3 e4 14.
dxe4 Nxe4 15. Be3 Qb4+ 16. c3 Qb5 17. O-O-O Na5 18. Be6 Bc6 19. Qf4 Kc8 20.
Bd4 dxe6 21. Bxh8 g5 22. Qf3 Bh6 23. Qe3 f4 24. Qd4 g4 25. f3 gxf3 26. gxf3
Nc5 27. Qf6 Nc4 28. b4 Qa4 29. Rd8+ Kb7 30. Qxh6 Qa3+ 31. Kd1 Qxa2 32. Qxh7+
Ka6 33. bxc5 Qa1+ 34. Ke2 Qb2+ 35. Ke1 Qc1+ 36. Kf2 Qe3+ 37. Kg2 Nd2 38.
Qd3+ Qxd3 39. Rxd3 Nc4 40. cxb6 Ne3+ 41. Kh3 Kxb6 42. Bd4+ Kc7 43. Bxe3 fxe3
44. c4 e2 45. Nxe2 e5 46. Rg1 e4 47. fxe4 Bxe4 48. Re3 Bc6 49. Nd4 Bd7+ 50.
Ne6+ Bxe6+ 51. Rxe6 Kd7 52. Rgg6 Kc7 53. Rg7+ Kd8 54. Ree7 Kc8 55. Rg8#
{Black checkmated}
1-0

[Event "GambitGuide"]
[Site "Internet Chess Club"]
[Date "2014.10.31"]
[Round "1"]
[White "JSBach"]
[Black "axes89"]
[Result "1-0"]
[ICCResult "Black resigns"]
[WhiteElo "1742"]
[BlackElo "2186"]
[Opening "Vienna: `Frankenstein-Dracula' variation"]
[ECO "C27"]
[NIC "VG.02"]
[Time "18:48:12"]
[TimeControl "120+12"]

1. e4 e5 2. Nc3 Nf6 3. Bc4 Nxe4 4. Qh5 Nd6 5. Bb3 Nc6 6. Nb5 g6 7. Qf3 f5 8.
Qd5 Qe7 9. Nxc7+ Kd8 10. Nxa8 b6 11. d3 Bb7 12. Nxb6 axb6 13. Qf3 Nd4 14.
Qg3 Nxb3 15. axb3 f4 16. Qg4 Nf5 17. Ra7 Kc8 18. Nf3 Nd4 19. Nxd4 exd4+ 20.
Kd1 Bh6 21. Bxf4 Bxf4 22. Qxf4 Rf8 23. Qxd4 Re8 24. Qxb6 Qe2+ 25. Kc1
{Black resigns}
1-0

[Event "GambitGuide"]
[Site "Internet Chess Club"]
[Date "2014.10.31"]
[Round "1"]
[White "JSBach"]
[Black "imortaliss"]
[Result "0-1"]
[ICCResult "White checkmated"]
[WhiteElo "1742"]
[BlackElo "2010"]
[Opening "Vienna: `Frankenstein-Dracula' variation"]
[ECO "C27"]
[NIC "VG.02"]
[Time "18:47:45"]
[TimeControl "120+12"]

1. e4 e5 2. Nc3 Nf6 3. Bc4 Nxe4 4. Qh5 Nd6 5. Bb3 Nc6 6. Nb5 g6 7. Qf3 f5 8.
Qd5 Qe7 9. Nxc7+ Kd8 10. Nxa8 b6 11. d3 Bg7 12. h4 Bb7 13. Bg5 Bf6 14. Nxb6
axb6 15. Nf3 Nd4 16. Bxf6 Qxf6 17. Nxd4 Bxd5 18. Bxd5 exd4 19. O-O-O Kc7 20.
Rde1 Re8 21. Rxe8 Nxe8 22. Re1 Nd6 23. g3 f4 24. a4 fxg3 25. fxg3 Qf2 26.
Re7 Nc8 27. Re4 Qxg3 28. Kb1 Nd6 29. Re7 h5 30. Be6 Qe1+ 31. Ka2 Qxe6+ 32.
Rxe6 dxe6 33. Kb3 Kc6 34. Kb4 Nf5 35. Kc4 e5 36. b4 Nxh4 37. c3 dxc3 38.
Kxc3 g5 39. Kd2 g4 40. b5+ Kc5 41. Ke3 Nf5+ 42. Kd2 h4 43. Ke1 g3 44. Ke2 h3
45. Kf1 g2+ 46. Kg1 Ng3 47. Kh2 Ne2 48. Kxh3 g1=Q 49. d4+ Kxd4 50. Kh4 Qg3+
51. Kh5 Nf4+ 52. Kh6 Qg6# {White checkmated} 0-1

[Event "GambitGuide"]
[Site "Internet Chess Club"]
[Date "2014.10.31"]
[Round "1"]
[White "JSBach"]
[Black "Drunxican"]
[Result "1-0"]
[ICCResult "Black resigns"]
[WhiteElo "1742"]
[BlackElo "1518"]
[Opening "Vienna: `Frankenstein-Dracula' variation"]
[ECO "C27"]
[NIC "VG.02"]
[Time "18:49:49"]
[TimeControl "120+12"]

1. e4 e5 2. Nc3 Nf6 3. Bc4 Nxe4 4. Qh5 Nd6 5. Bb3 Nc6 6. Nb5 g6 7. Qf3 f5 8.
Qd5 Qe7 9. Nxc7+ Kd8 10. Nxa8 b6 11. d3 Bb7 12. Nxb6 axb6 13. Qf3 e4 14. Qe3
h6 15. Qxb6+ Kc8 16. Be3 Bg7 17. Bd5 g5 18. dxe4 f4 19. Bc5 Re8 20. Rd1 Nxe4
21. Bxe7 {Black resigns} 1-0

[Event "GambitGuide"]
[Site "Internet Chess Club"]
[Date "2014.10.31"]
[Round "1"]
[White "JSBach"]
[Black "Elo400"]
[Result "1/2-1/2"]
[ICCResult "Game drawn by repetition"]
[WhiteElo "1742"]
[BlackElo "1560"]
[Opening "Vienna: `Frankenstein-Dracula' variation"]
[ECO "C27"]
[NIC "VG.02"]
[Time "18:46:05"]
[TimeControl "120+12"]

1. e4 e5 2. Nc3 Nf6 3. Bc4 Nxe4 4. Qh5 Nd6 5. Bb3 Nc6 6. Nb5 g6 7. Qf3 f5 8.
Qd5 Qe7 9. Nxc7+ Kd8 10. Nxa8 b6 11. d3 Bb7 12. Nxb6 axb6 13. Qf3 e4 14.
dxe4 Nd4 15. Qg3 Nxe4 16. Qb8+ Bc8 17. Qxb6+ Ke8 18. Qxd4 Bg7 19. Qe3 Bb7
20. f3 Qb4+ 21. c3 Qb5 22. fxe4 Ba6 23. exf5+ Kd8 24. Qg5+ Kc8 25. c4 Re8+
26. Kf2 Bd4+ 27. Kg3 Qe5+ 28. Kh3 gxf5 29. Nf3 Qc5 30. Nxd4 Qxd4 31. Qxf5
Bb7 32. Rd1 Qg7 33. Qg5 Qf7 34. Qc5+ Kb8 35. Qd6+ Ka8 36. Qa3+ Kb8 37. Qd6+
Ka8 38. Qa3+ Kb8 39. Qd6+ {Game drawn by repetition} 1/2-1/2

[Event "GambitGuide"]
[Site "Internet Chess Club"]
[Date "2014.10.31"]
[Round "1"]
[White "JSBach"]
[Black "Ziga"]
[Result "1-0"]
[ICCResult "Black checkmated"]
[WhiteElo "1742"]
[BlackElo "1180"]
[Opening "Vienna: `Frankenstein-Dracula' variation"]
[ECO "C27"]
[NIC "VG.02"]
[Time "18:49:52"]
[TimeControl "120+12"]

1. e4 e5 2. Nc3 Nf6 3. Bc4 Nxe4 4. Qh5 Nd6 5. Bb3 Nc6 6. Nb5 g6 7. Qf3 f5 8.
Qd5 Qe7 9. Nxc7+ Kd8 10. Nxa8 b6 11. d3 Qe6 12. Qxe6 dxe6 13. Bg5+ Be7 14.
Bh6 Rg8 15. Nf3 Bf8 16. Bxf8 Rxf8 17. Ng5 Ke7 18. Nxh7 Rf7 19. Ng5 Rf8 20.
f3 Nd8 21. Nc7 N8f7 22. Ngxe6 Rh8 23. h4 Rh5 24. Bd5 Bxe6 25. Nxe6 Nd8 26.
Ng5 N8b7 27. g4 Rh8 28. gxf5 gxf5 29. O-O-O Rf8 30. Rhe1 Kf6 31. Nh7+ Ke7
32. Rxe5+ Kd7 33. Nxf8+ Kc7 34. Re7+ Kd8 35. Rd7+ Ke8 36. Bxb7 Kxf8 37. Rxd6
Ke7 38. h5 a5 39. h6 Kxd6 40. h7 Kc7 41. Ba8 Kd6 42. h8=Q Kc5 43. Qe5+ Kb4
44. Qd4+ Kb5 45. Qc4# {Black checkmated} 1-0

[Event "GambitGuide"]
[Site "Internet Chess Club"]
[Date "2014.10.31"]
[Round "1"]
[White "JSBach"]
[Black "graccus"]
[Result "0-1"]
[ICCResult "White checkmated"]
[WhiteElo "1742"]
[BlackElo "1350"]
[Opening "Vienna: `Frankenstein-Dracula' variation"]
[ECO "C27"]
[NIC "VG.02"]
[Time "18:48:04"]
[TimeControl "120+12"]

1. e4 e5 2. Nc3 Nf6 3. Bc4 Nxe4 4. Qh5 Nd6 5. Bb3 Nc6 6. Nb5 g6 7. Qf3 f5 8.
Qd5 Qe7 9. Nxc7+ Kd8 10. Nxa8 b6 11. d3 Bb7 12. Nxb6 axb6 13. Qf3 Nd4 14.
Qg3 f4 15. Qg4 Qf6 16. Ba4 N6f5 17. c3 h5 18. Qh3 g5 19. cxd4 g4 20. Bxf4
gxh3 21. Bxe5 Qe6 22. Nxh3 Nxd4 23. f4 Bh6 24. Kf1 Bxg2+ 25. Kxg2 Qg4+ 26.
Kf2 Qf3+ 27. Kg1 Rg8+ 28. Ng5 Ne2# {White checkmated} 0-1

[Event "GambitGuide"]
[Site "Internet Chess Club"]
[Date "2014.10.31"]
[Round "1"]
[White "JSBach"]
[Black "sibirica"]
[Result "0-1"]
[ICCResult "White checkmated"]
[WhiteElo "1742"]
[BlackElo "2349"]
[Opening "Vienna: `Frankenstein-Dracula' variation"]
[ECO "C27"]
[NIC "VG.02"]
[Time "18:49:59"]
[TimeControl "120+12"]

1. e4 e5 2. Nc3 Nf6 3. Bc4 Nxe4 4. Qh5 Nd6 5. Bb3 Nc6 6. Nb5 g6 7. Qf3 f5 8.
Qd5 Qe7 9. Nxc7+ Kd8 10. Nxa8 b6 11. d3 Bb7 12. Nxb6 axb6 13. Qf3 Nd4 14.
Qh3 e4 15. Be3 exd3 16. O-O-O Nxb3+ 17. cxb3 Bg7 18. Bxb6+ Ke8 19. Rxd3 Ne4
20. f3 Qf6 21. fxe4 Qxb2+ 22. Kd1 Bxe4 23. Rd2 Qb1+ 24. Ke2 Kf7 25. Rxd7+
Ke6 26. Ra7 Rc8 27. Be3 Rc2+ 28. Bd2 Bc3 29. Qxc3 Rxc3 30. Bxc3 Qd3+ 31. Kf2
Qxc3 32. Ra6+ Ke5 33. Nf3+ Bxf3 34. gxf3 Qd2+ 35. Kg3 f4+ 36. Kh3 Qd3 37.
Re1+ Kf5 38. Ra5+ Kf6 39. Kh4 Qxf3 40. Ree5 h6 41. Rac5 g5+ 42. Rxg5 hxg5+
43. Rxg5 Qf2+ 44. Kg4 Qg2+ 45. Kxf4 Qxg5+ 46. Kf3 Qh4 47. Kg2 Ke5 48. h3 Kf4
49. Kf1 Qxh3+ 50. Kg1 Kf3 51. a4 Qg2# {White checkmated} 0-1